 Dungeon Crawl Stone Soup version 0.19.0-2-gae57169 (webtiles) character file.

1899 Patchouli the Thaumaturge (level 8, 0/41 HPs)
             Began as a Deep Elf Ice Elementalist on Nov 2, 2016.
             Was a Believer of Kikubaaqudgha.
             Slain by a wight
             ... wielding a +3 short sword
              (6 damage)
             ... on level 9 of the Dungeon.
             The game lasted 00:30:29 (3474 turns).

Patchouli the Thaumaturge (DEIE)                    Turns: 3474, Time: 00:30:29

Health: 0/41       AC: 13    Str: 10    XL:     8   Next: 93%
Magic:  19/41      EV: 12    Int: 23    God:    Kikubaaqudgha [**....]
Gold:   222        SH:  0    Dex: 15    Spells: 6 memorised, 9 levels left

rFire  + . .     SeeInvis +     L - +9 spear of Ebbaenaw {drain, MP+9 SInv}
rCold  . . .     Gourm    .     s - +1 leather armour {rF+}
rNeg   . . .     Faith    .     (no shield)
rPois  .         Spirit   .     (no helmet)
rElec  .         Reflect  .     n - +0 cloak
rCorr  .         Harm     .     G - +0 pair of gloves of the Hidden Vale {MP+9}
MR     .....                    (no boots)
Stlth  ++........               (no amulet)
                                (no ring)
                                (no ring)

@: mighty, icy armour, very slightly contaminated, hasted, very quick
A: no striking features
a: Receive Corpses, Renounce Religion


You were on level 9 of the Dungeon.
You worshipped Kikubaaqudgha.
Kikubaaqudgha was pleased with you.
You were not hungry.

You visited 2 branches of the dungeon, and saw 10 of its levels.

You collected 222 gold pieces.

Inventory:

Hand Weapons
 a - a +0 hunting sling
 b - a +3 dagger
 w - the +6 scimitar of Qogeehus {freeze, Int+2}
   (You found it on level 4 of the Dungeon)

   It has been specially enchanted to freeze those struck by it, causing extra
   injury to most foes and up to half again as much damage against particularly
   susceptible opponents.
   It can also slow down cold-blooded creatures.
   It affects your intelligence (+2).
 C - a +0 dagger of freezing
 D - a +1 dire flail of venom
 L - the +9 spear of Ebbaenaw (weapon) {drain, MP+9 SInv}
   (You took it off an orc on level 8 of the Dungeon)

   A truly terrible weapon, it drains the life of those it strikes.
   It affects your magic capacity (+9).
   It lets you see invisible.
Missiles
 p - 55 stones (quivered)
Armour
 n - a +0 cloak (worn)
 o - a +0 robe
 s - a +1 leather armour of fire resistance (worn)
 F - a +0 leather armour
 G - the +0 pair of gloves of the Hidden Vale (worn) {MP+9}
   (You found it on level 6 of the Dungeon)

   It affects your magic capacity (+9).
 J - a +0 helmet
Wands
 I - a wand of lightning (0/15)
Scrolls
 e - a scroll of teleportation {unknown}
 f - 4 scrolls of identify {unknown}
 g - a scroll of holy word {unknown}
 h - 2 scrolls of enchant weapon {unknown}
 i - 4 scrolls of remove curse {unknown}
 j - a scroll of blinking
 m - 2 scrolls of magic mapping {unknown}
 q - a scroll of random uselessness {unknown}
 x - 2 scrolls of amnesia {unknown}
 E - 4 scrolls of recharging {unknown}
 H - a scroll of fog {unknown}
Potions
 t - a potion of flight
 B - a potion of brilliance
Books
 k - a book of Frost

   Spells                             Type                      Level
   a - Freeze                         Ice                          1
   b - Throw Frost                    Conjuration/Ice              2
   c - Ozocubu's Armour               Charms/Ice                   3
   d - Throw Icicle                   Conjuration/Ice              4
   e - Summon Ice Beast               Ice/Summoning                4
 r - a book of Geomancy

   Spells                             Type                      Level
   a - Sandblast                      Earth                        1
   b - Passwall                       Transmutation/Earth          2
   c - Stone Arrow                    Conjuration/Earth            3
   d - Petrify                        Transmutation/Earth          4
   e - Lee's Rapid Deconstruction     Earth                        5
 y - a book of Maledictions

   Spells                             Type                      Level
   a - Corona                         Hexes                        1
   b - Ensorcelled Hibernation        Hexes/Ice                    2
   c - Confuse                        Hexes                        3
   d - Tukima's Dance                 Hexes                        3
   e - Dazzling Spray                 Conjuration/Hexes            3
 z - Kikubaaqudgha's Tome of Unholy Arts
   (Kikubaaqudgha gifted it to you on level 6 of the Dungeon)

   Spells                             Type                      Level
   a - Pain                           Necromancy                   1
   b - Corpse Rot                     Necromancy                   2
   c - Sublimation of Blood           Necromancy                   2
   d - Vampiric Draining              Necromancy                   3
   e - Control Undead                 Necromancy                   4
Comestibles
 c - 4 bread rations
 d - a meat ration
 l - 7 fruits
 u - a slice of pizza
 A - 3 chunks of flesh


   Skills:
 - Level 2.4 Dodging
 - Level 2.4 Stealth
 * Level 9.7 Spellcasting
 - Level 2.2 Conjurations
 - Level 2.0 Charms
 * Level 6.4 Summonings
 * Level 7.8 Ice Magic


You had 9 spell levels left.
You knew the following spells:

 Your Spells              Type           Power        Failure   Level  Hunger
a - Freeze                Ice            ####         1%          1    None
b - Throw Frost           Conj/Ice       ####..       1%          2    None
c - Throw Icicle          Conj/Ice       ####....     12%         4    ##.....
i - Summon Ice Beast      Ice/Summ       #####...     4%          4    ##.....
q - Ozocubu's Armour      Chrm/Ice       ####....     3%          3    None
v - Vampiric Draining     Necr           ##........   28%         3    None


Dungeon Overview and Level Annotations

Branches:
Dungeon (9/15)             Temple (1/1) D:4
   Lair: D:8-11         Orc: D:9-12

Altars:
Ashenzari
Cheibriados
Dithmenos
Elyvilon
Fedhas
Gozag
Hepliaklqana
Kikubaaqudgha
Makhleb
Nemelex Xobeh
Okawaru
Qazlal
Ru
Sif Muna
Trog
Uskayaw
Vehumet
Xom
Yredelemnul
Zin
The Shining One

Annotations:
D:8 Erica, Maurice


Message History

The wight hits your ice beast with a scimitar.
Your ice beast barely misses the wight.
Your ice beast hits the wight but does no damage. x3
The wight misses your ice beast.
The wight hits your ice beast with a scimitar.
Your ice beast misses the wight.
Your ice beast hits the wight but does no damage.
The wight hits your ice beast with a scimitar!
Your ice beast dies!
Your ice beast barely misses the wight.
Something closely misses your ice beast.
Okay, then.
Okay, then.
Your ice beast hits the wight but does no damage.
It was a potion of haste.
You feel yourself speed up.
The wight hits your ice beast with a scimitar.
Your ice beast closely misses the killer bee zombie.
The wight hits you with an enchanted short sword.
You die...
Kikubaaqudgha rasps: "You have failed me!
Welcome... death!"

##.z...#
###.YZ#
##zz##
##Y.#
#..##
#z.#
##.o#
#.oz#
#..@#
#.#.#
#####


You could see 4 wights, 2 orcs, a killer bee zombie and 2 friendly ice beasts.

Vanquished Creatures
  A hornet (D:8)
  Edmund (D:6)
  2 phantoms
  A crimson imp (D:5)
  6 orc wizards
  An orc priest (D:2)
  Natasha (D:2)
  A worker ant (D:5)
  9 adders
  2 shadow imps
  An ooze (D:2)
  A worm (D:2)
  3 leopard geckos
  10 orcs
  3 bats (D:1)
  A giant cockroach (D:4)
  7 goblins
  6 hobgoblins
  5 jackals
  A quokka (D:6)
  5 frilled lizards
  A jackal zombie (D:5)
  7 kobolds
  2 rats
78 creatures vanquished.

Vanquished Creatures (collateral kills)
  The ghost of Jerry the Cleaver, a novice DDFi of Makhleb (D:8)
  Menkaure (D:6)
  A water moccasin (D:7)
  2 black bears (D:7)
  2 orc warriors (D:8)
  A bullfrog (D:7)
  A water moccasin zombie (D:5)
  2 scorpions (D:5)
  3 killer bees (D:7)
  3 howler monkeys (D:7)
  A bullfrog zombie (D:5)
  A quasit (D:6)
  A hound (D:9)
  2 jellies (D:7)
  3 orc priests
  An iguana (D:8)
  4 orc wizards
  A worker ant (D:8)
  A killer bee zombie (D:6)
  An adder (D:7)
  A shadow imp (D:8)
  5 orcs
  A leopard gecko skeleton (D:5)
40 creatures vanquished.

Grand Total: 118 creatures vanquished

Notes
Turn   | Place    | Note
-------+----------+-------------------------------------------
     0 | D:1      | Patchouli the Deep Elf Ice Elementalist began the quest for the Orb.
     0 | D:1      | Reached XP level 1. HP: 10/10 MP: 6/6
   186 | D:1      | Reached XP level 2. HP: 15/15 MP: 2/8
   190 | D:1      | Learned a level 2 spell: Throw Frost
   370 | D:2      | Reached skill level 4 in Spellcasting
   432 | D:2      | Reached XP level 3. HP: 11/19 MP: 0/10
   687 | D:2      | Noticed Natasha
   703 | D:2      | Killed Natasha
   703 | D:2      | Reached skill level 5 in Spellcasting
   703 | D:2      | Reached XP level 4. HP: 12/24 MP: 4/13
   709 | D:2      | Learned a level 3 spell: Ozocubu's Armour
   714 | D:2      | Learned a level 4 spell: Summon Ice Beast
   815 | D:2      | Reached skill level 1 in Charms
   935 | D:3      | Reached skill level 1 in Summonings
   935 | D:3      | Reached XP level 5. HP: 26/28 MP: 9/15
  1024 | D:4      | Found a sparkling altar of Nemelex Xobeh.
  1105 | D:4      | Got a slimy scimitar
  1106 | D:4      | Identified the +6 scimitar of Qogeehus {freeze, Int+2} (You found it on level 4 of the Dungeon)
  1199 | D:4      | Found a staircase to the Ecumenical Temple.
  1219 | Temple   | Entered the Ecumenical Temple
  1318 | Temple   | Became a worshipper of Kikubaaqudgha
  1356 | D:5      | Entered Level 5 of the Dungeon
  1376 | D:5      | Reached skill level 6 in Spellcasting
  1420 | D:5      | Learned a level 4 spell: Throw Icicle
  1499 | D:5      | Reached XP level 6. HP: 22/32 MP: 3/17
  1592 | D:5      | Reached skill level 5 in Ice Magic
  1909 | D:6      | Reached * piety under Kikubaaqudgha
  1909 | D:6      | Identified Kikubaaqudgha's Tome of Unholy Arts (Kikubaaqudgha gifted it to you on level 6 of the Dungeon)
  1909 | D:6      | Received a gift from Kikubaaqudgha
  1952 | D:6      | Noticed Menkaure
  1959 | D:6      | Killed Menkaure
  1959 | D:6      | Reached skill level 7 in Spellcasting
  1959 | D:6      | Reached XP level 7. HP: 11/36 MP: 4/19
  1964 | D:6      | Learned a level 3 spell: Vampiric Draining
  2098 | D:6      | Got a pair of spiked gloves
  2104 | D:6      | Identified the +0 pair of gloves of the Hidden Vale {MP+9} (You found it on level 6 of the Dungeon)
  2316 | D:7      | Found a shimmering altar of Xom.
  2321 | D:7      | Reached skill level 8 in Spellcasting
  2379 | D:6      | Noticed Edmund
  2388 | D:6      | Killed Edmund
  2441 | D:7      | Reached XP level 8. HP: 26/41 MP: 22/22
  2534 | D:8      | Noticed a hornet
  2568 | D:8      | Killed a hornet
  2584 | D:8      | Reached skill level 5 in Summonings
  2602 | D:8      | Noticed Erica
  2613 | D:8      | Noticed Jerry's ghost (novice DDFi)
  3048 | D:8      | Killed Jerry's ghost
  3048 | D:8      | Reached skill level 9 in Spellcasting
  3100 | D:8      | Noticed Maurice
  3156 | D:8      | Reached ** piety under Kikubaaqudgha
  3387 | D:8      | Got a bloodstained spear {drain}
  3391 | D:8      | Identified the +9 spear of Ebbaenaw {drain, MP+9 SInv} (You took it off an orc on level 8 of the Dungeon)
  3474 | D:9      | Slain by a wight

Skill      XL: |  1  2  3  4  5  6  7  8 |
---------------+-------------------------+-----
Spellcasting   | 4 5 6 7 8 9 |  9.7
Ice Magic      | 4 5 6 7 |  7.8
Charms         | 1 2 |  2.0
Summonings     | 1 2 3 4 6 |  6.4
Conjurations   | 2 |  2.2
Dodging        | |  2.4
Stealth        | |  2.4

Action                   |  1- 3 |  4- 6 |  7- 9 || total
-------------------------+-------+-------+-------++-------
Melee: Scimitar          |       |     9 |    15 ||    24
       Spear             |       |       |     1 ||     1
 Fire: Hunting sling     |     6 |    18 |       ||    24
Throw: Stone             |       |     3 |       ||     3
 Cast: Freeze            |    50 |    50 |    10 ||   110
       Throw Frost       |       |     8 |    16 ||    24
       Ozocubu's Armour  |       |     5 |     4 ||     9
       Summon Ice Beast  |       |     7 |    47 ||    54
Evoke: Wand              |       |       |     3 ||     3
  Use: Potion            |       |     4 |     5 ||     9
       Scroll            |       |     1 |     1 ||     2
 Stab: Distracted        |       |       |     1 ||     1
  Eat: Chunk             |       |     4 |     6 ||    10
Armor: Robe              |     2 |     6 |       ||     8
       Leather armour    |       |    22 |    23 ||    45
Dodge: Dodged            |    23 |    41 |    34 ||    98
       Rpst.: Scimitar   |       |     7 |     4 ||    11
